 Dungeon Crawl Stone Soup version 0.30-a0-782-ge64f9170bb (webtiles) character file.

Game seed: 18111960521050890665

1600 sanka the Geomancer (level 9, -4/50 HPs)
             Began as a Kobold Earth Elementalist on Feb 18, 2023.
             Was a Priest of Vehumet.
             Slain by a gnoll sergeant
             ... wielding a +0 spear of distortion
              (5 damage)
             ... on level 6 of the Dungeon.
             The game lasted 00:08:07 (5811 turns).

sanka the Geomancer (Kobold Earth Elementalist)     Turns: 5811, Time: 00:08:08

Health: -4/50      AC:  8    Str:  5    XL:     9   Next: 15%
Magic:  1/16       EV: 16    Int: 20    God:    Vehumet [***...]
Gold:   479        SH:  0    Dex: 22    Spells: 12/18 levels left

rFire   . . .      SeeInvis .    z - +1 dagger (venom)
rCold   + . .      Faith    +    (no shield)
rNeg    . . .      Spirit   .    w - +2 leather armour {rC+}
rPois   .          Reflect  .    u - +2 helmet
rElec   .          Harm     .    (no cloak)
rCorr   .          Rampage  .    (no gloves)
Will    .....                    (no boots)
Stlth   +++                      l - amulet of faith
HPRegen 0.28/turn                (no ring)
MPRegen 0.15/turn                C - +6 ring of dexterity

@: very slightly contaminated
A: small, no large weapons, nightstalker 3
a: Renounce Religion


You were on level 6 of the Dungeon.
You worshipped Vehumet.
Vehumet was most pleased with you.
You visited 1 branch of the dungeon, and saw 6 of its levels.

You collected 479 gold pieces.


Innate Abilities, Weirdness & Mutations

You are small and have problems with some larger weapons.
You are completely attuned to the shadows.


   Skills:
 + Level 3.0 Fighting
 + Level 4.3 Dodging
 - Level 2.6 Stealth
 - Level 5.0 Spellcasting
 - Level 5.0 Conjurations
 - Level 1.0 Transmutations
 - Level 8.0 Earth Magic


You had 12 spell levels left.
You knew the following spells:

 Your Spells              Type           Power      Damage    Failure   Level
x - Stone Arrow           Conj/Erth      62%        3d10      1%          3
z - Sandblast             Erth           74%        2d16      1%          1
N - Passwall              Tmut/Erth      19%        N/A       4%          2

Your spell library contained the following spells:

 Spells                   Type           Power      Damage    Failure   Level
 Momentum Strike          Conj/Tloc      30%        3d8       3%          2
 Scorch                   Fire           10%        2d6       8%          2
 Inner Flame              Hex/Fire       5%         N/A       16%         3
 Flame Wave               Conj/Fire      15%        2d7       17%         4
 Summon Small Mammal      Summ           20%        N/A       19%         1
 Sublimation of Blood     Necr           5%         N/A       28%         2
 Petrify                  Tmut/Erth      23%        N/A       30%         4
 Animate Armour           Summ/Erth      42%        N/A       36%         4
 Irradiate                Conj/Tmut      8%         3d14      36%         5
 Call Canine Familiar     Summ           5%         N/A       50%         3
 Summon Guardian Golem    Hex/Summ       5%         N/A       50%         3
 Cause Fear               Hex            2%         N/A       88%         4
 Summon Cactus Giant      Summ           2%         N/A       100%        6
 Discord                  Hex            2%         N/A       100%        8
 Lehudib's Crystal Spear  Conj/Erth      15%        10d5      100%        8

Inventory:

Hand Weapons
 t - a +1 whip of distortion
 z - a +1 dagger of venom (weapon)
Missiles
 x - a throwing net {=f}
Armour
 a - a +0 robe
 u - a +2 helmet (worn)
 w - a +2 leather armour of cold resistance (worn)
Jewellery
 l - an amulet of faith (around neck)
 C - a +6 ring of dexterity (right hand)
Wands
 m - a wand of paralysis (5)
 n - a wand of polymorph (10)
Scrolls
 c - 4 scrolls of amnesia {unknown}
 e - 2 scrolls of poison {unknown}
 h - 9 scrolls of identify {unknown}
 i - 2 scrolls of fog {unknown}
 j - 2 scrolls of brand weapon {unknown}
 k - a scroll of immolation {unknown}
 p - a scroll of magic mapping {unknown}
 s - a scroll of teleportation {unknown}
 v - a scroll of enchant armour {unknown}
 y - a scroll of torment {unknown}
 D - a scroll of butterflies {unknown}
Potions
 b - 2 potions of magic
 d - 2 potions of flight {unknown}
 f - a potion of curing {@q1}
 g - 2 potions of haste {unknown}
 o - a potion of lignification {unknown}
 q - a potion of heal wounds {unknown}
 r - 2 potions of resistance {unknown}
 A - a potion of might {unknown}
 B - a potion of degeneration {unknown}
 E - a potion of berserk rage {unknown}

Dungeon Overview and Level Annotations

Branches:
Dungeon (6/15)             Temple (0/1) D:5

Altars:
Elyvilon
Qazlal
Ru
Vehumet
Wu Jian

Shops:
D:3

=*= ......
.....▒▒▒▒▒▒▒▒▒+▒..
.....▒...g.........
.....▒.▒▒▒▒K.g......
▒▒▒..▒.▒ ▒.g.......
▒....▒.▒ ▒...(...).
▒......▒ ▒.........
▒...[..▒ ▒.........
.▒......▒ ▒▒▒▒▒.....
.......▒.▒ ▒.....
▒......▒.▒ ▒.....
▒......▒.▒ ▒.....


You could see a gnoll sergeant and 2 gnolls.


Message History

Aiming: Stone Arrow (safe; 1% risk of failure)
Aim: a gnoll sergeant, wielding a +0 spear of distortion and wearing a +0 ring mail (lightly wounded, 81% to hit)
You miscast Stone Arrow.
You are very lightly contaminated with residual magic.
Nothing appears to happen.
The gnoll hits you but does no damage.
The gnoll sergeant hits you from afar with a +0 spear of distortion.
Space warps horribly around you!
* * * LOW HITPOINT WARNING * * *
Unknown command.
Aiming: Stone Arrow (safe; 1% risk of failure)
Aim: a gnoll sergeant, wielding a +0 spear of distortion and wearing a +0 ring mail (lightly wounded, 81% to hit)
The stone arrow hits the gnoll sergeant!
The gnoll sergeant is heavily wounded.
The gnoll completely misses you. The gnoll completely misses you.
The gnoll sergeant hits you from afar with a +0 spear of distortion.
* * * LOW HITPOINT WARNING * * *
Space warps horribly around you!
* * * LOW HITPOINT WARNING * * *
Unknown command.
Aiming: Stone Arrow (safe; 1% risk of failure)
Aim: a gnoll sergeant, wielding a +0 spear of distortion and wearing a +0 ring mail (heavily wounded, 81% to hit)
The stone arrow hits the gnoll sergeant.
The gnoll sergeant is almost dead.
The gnoll hits you but does no damage. The gnoll hits you with a +0 whip!
* * * LOW HITPOINT WARNING * * *
The gnoll sergeant hits you from afar with a +0 spear of distortion.
You die...

Action                     |  1- 3 |  4- 6 |  7- 9 || total
---------------------------+-------+-------+-------++-------
  Melee: Unarmed           |       |     2 |       ||     2
   Cast: Sandblast         |    43 |    70 |    80 ||   193
         Stone Arrow       |       |       |     7 ||     7
  Evoke: Wand              |       |       |     1 ||     1
 Armour: Robe              |     2 |     5 |       ||     7
         Leather armour    |       |       |     8 ||     8
  Dodge: Dodged            |     5 |    26 |    22 ||    53

Levels and vault maps discovered:
D:1:      minmay_arrival_solitary_statue, layout_basic
D:2:      minmay_spotlight, layout_loops_ring, basic_altar
D:3:      layout_basic, nicolae_ru_great_annihilating_truth,
          chequers_temple_overflow_minitemple, serial_shops,
          nicolae_shop_statue_plus, nicolae_shop_crystal, shop_coins
D:4:      layout_gridville, nrook_campfire, uniq_eustachio, uniq_grinder,
          uniq_robin
D:5:      layout_loops_corners, minmay_temple_entry_hall, uniq_pikel
D:6:      layout_basic, lemuel_doored_altar, gup_sewer_entry_bubbles,
          minmay_misc_feat_hallway, grunt_ministairs_15

Notes
Turn   | Place    | Note
-------+----------+-------------------------------------------
     0 | D:1      | sanka the Kobold Earth Elementalist began the quest for the
                  | Orb.
     0 | D:1      | Reached XP level 1. HP: 10/10 MP: 3/3
   237 | D:1      | Reached XP level 2. HP: 15/15 MP: 3/5
   264 | D:1      | Learned a level 2 spell: Passwall
   864 | D:2      | Reached XP level 3. HP: 19/19 MP: 5/7
  1014 | D:2      | Reached skill level 3 in Spellcasting
  1109 | D:2      | Found a stormy altar of Qazlal.
  1463 | D:2      | Reached skill level 4 in Earth Magic
  1641 | D:2      | Reached XP level 4. HP: 24/24 MP: 2/8
  1853 | D:3      | Found Hattav's Jewellery Emporium.
  2033 | D:3      | Found Circhamisch's General Store.
  2137 | D:3      | Found a radiant altar of Vehumet.
  2142 | D:3      | Found a faded altar of an unknown god.
  2144 | D:3      | Found an ornate altar of the Wu Jian Council.
  2145 | D:3      | Found a white marble altar of Elyvilon.
  2151 | D:3      | Became a worshipper of Vehumet
  2161 | D:3      | Found a faded altar of an unknown god.
  2285 | D:3      | Reached XP level 5. HP: 20/28 MP: 6/9
  2562 | D:3      | Reached skill level 5 in Earth Magic
  2594 | D:3      | Found a sacrificial altar of Ru.
  2649 | D:3      | Learned a level 3 spell: Stone Arrow
  2689 | D:3      | Found Mesuk's Jewellery Emporium.
  2774 | D:3      | Reached * piety under Vehumet
  2774 | D:3      | Offered knowledge of Shock by Vehumet.
  3245 | D:4      | Noticed Robin
  3250 | D:4      | Killed Robin
  3364 | D:4      | Reached XP level 6. HP: 32/32 MP: 5/10
  3525 | D:4      | Reached skill level 6 in Earth Magic
  3528 | D:4      | Noticed Grinder
  3535 | D:4      | Paralysed by Grinder for 5 turns
  3540 | D:4      | Killed Grinder
  3541 | D:4      | Reached skill level 7 in Earth Magic
  3541 | D:4      | Reached XP level 7. HP: 13/36 MP: 1/11
  3752 | D:4      | Noticed Eustachio
  3757 | D:4      | Killed Eustachio
  3758 | D:4      | Reached skill level 8 in Earth Magic
  3771 | D:4      | Reached skill level 1 in Conjurations
  3941 | D:4      | Reached ** piety under Vehumet
  4066 | D:4      | Offered knowledge of Poisonous Vapours by Vehumet.
  4163 | D:4      | Reached XP level 8. HP: 41/41 MP: 11/13
  4290 | D:4      | Reached skill level 2 in Conjurations
  4412 | D:5      | Entered Level 5 of the Dungeon
  4413 | D:5      | Noticed Pikel
  4428 | D:4      | Killed Pikel
  4429 | D:4      | Reached skill level 5 in Spellcasting
  4429 | D:4      | Reached skill level 4 in Conjurations
  4560 | D:5      | Found a staircase to the Ecumenical Temple.
  4978 | D:5      | Reached skill level 5 in Conjurations
  5236 | D:5      | Offered knowledge of Momentum Strike by Vehumet.
  5237 | D:5      | Reached skill level 1 in Fighting
  5237 | D:5      | Reached skill level 3 in Dodging
  5237 | D:5      | Reached XP level 9. HP: 48/48 MP: 8/16
  5346 | D:5      | Reached skill level 2 in Fighting
  5751 | D:6      | Reached skill level 4 in Dodging
  5757 | D:6      | Reached *** piety under Vehumet
  5795 | D:6      | Reached skill level 3 in Fighting
  5811 | D:6      | HP: 1/50 [gnoll/+0 whip[a gnoll sergeant] (8)]
  5811 | D:6      | Slain by a gnoll sergeant

Vanquished Creatures
  Pikel (D:4)
  Grinder (D:4)
  Eustachio (D:4)
  An orc warrior (D:5)
  A lemure (D:5)
  A scorpion (D:6)
  A necrophage (D:4)
  A howler monkey (D:5)
  A jelly (D:4)
  4 orc priests
  3 hounds
  2 orc wizards
  Robin (D:4)
  5 gnolls
  7 adders
  2 shadow imps (D:5)
  An ufetubus (D:5)
  3 worms
  A dart slug (D:5)
  20 orcs
  9 ball pythons
  8 endoplasms
  3 giant cockroaches
  12 goblins
  8 hobgoblins
  3 kobolds
  4 quokkas
  7 bats
  3 frilled lizards
  6 rats
121 creatures vanquished.
